 Dungeon Crawl Stone Soup version 0.18-a0-1628-g61c6396 (webtiles) character file.

56 Gorice the Slasher (level 3, -1/28 HPs)
             Began as a Demonspawn Gladiator on Mar 25, 2016.
             Slain by a goblin
             ... wielding a +0 dagger
             ... led by Robin
              (2 damage)
             ... on level 2 of the Dungeon.
             The game lasted 00:04:20 (1321 turns).

Gorice the Slasher (Demonspawn Gladiator)           Turns: 1321, Time: 00:04:21

Health: -1/28      AC:  9    Str: 21    XL:     3   Next: 69%
Magic:  0/3        EV:  8    Int:  9    God:
Gold:   66         SH:  4    Dex: 13    Spells: 0 memorised, 2 levels left

rFire  . . .     SeeInvis .     a - +0 long sword
rCold  . . .     Gourm    .     m - +0 chain mail
rNeg   . . .     Faith    .     (no shield)
rPois  .         Spirit   +     c - +0 helmet
rElec  .         Dismiss  .     (no cloak)
rCorr  .         Reflect  +     (no gloves)
SustAt .         Harm     .     (no boots)
MR     .....                    i - +4 amulet of reflection
Stlth  ..........               (no ring)
                                (no ring)

@: mighty, not resistant to hostile enchantments, extremely unstealthy
A: magic shield, magic regeneration
a: no special abilities


You were on level 2 of the Dungeon.
You were hungry.

You visited 1 branch of the dungeon, and saw 2 of its levels.

You collected 66 gold pieces.

Inventory:

Hand Weapons
 a - a +0 long sword (weapon)
 j - a +0 hunting sling
Missiles
 e - 13 bolts of frost
 n - 12 poisoned needles
 Y - 3 throwing nets
 Z - 35 stones (quivered)
Armour
 b - a +0 leather armour
 c - a +0 helmet (worn)
 m - a +0 chain mail (worn)
Jewellery
 i - a +4 amulet of reflection (around neck)
Potions
 d - a potion of cancellation {!q}
 p - a potion of lignification {unknown}
 q - a potion of invisibility {unknown}
Comestibles
 f - a bread ration {!e}
 g - 2 fruits
 h - 2 chunks of flesh
 o - a meat ration {!e}


   Skills:
 + Level 2.8 Fighting
 * Level 3.3 Long Blades
 + Level 2.4 Throwing
 - Level 2.6 Dodging


You had 2 spell levels left.
You didn't know any spells.

Dungeon Overview and Level Annotations

Branches:
Dungeon (2/15)

Altars:
Pakellas

Annotations:
D:2 Robin


Innate Abilities, Weirdness & Mutations

When hurt, damage is shared between your health and your magic reserves.
You regenerate magic rapidly.


Message History

You closely miss the goblin.
The goblin is heavily wounded.
The hobgoblin closely misses you. The goblin hits you but does no damage.
The hobgoblin hits you but does no damage.
You completely miss the goblin.
The goblin is heavily wounded.
The goblin no longer looks unusually strong.
The goblin hits you but does no damage.
Robin roars a battlecry!
The goblin goes into a battle-frenzy!
The hobgoblin hits you with a club.
* * * LOW HITPOINT WARNING * * *
Damage: 1 (max 5)
You miss the goblin.
The goblin is heavily wounded.
You block the goblin's attack. The hobgoblin hits you with a club.
* * * LOW HITPOINT WARNING * * *
The goblin hits you with a dagger.
* * * LOW HITPOINT WARNING * * *
Damage: 8 (max 8) Drink which item? (? for menu, Esc to quit)
Okay, then.
Read which item? (? for menu, Esc to quit)
Okay, then.
Unknown command.
Read which item? (? for menu, Esc to quit)
As you read the scroll labeled HUIGUWK QEWI, it crumbles to dust.
You feel aware of your surroundings.
It was a scroll of magic mapping.
The hobgoblin hits you with a club.
* * * LOW HITPOINT WARNING * * *
The goblin barely misses you.
Damage: 3 (max 8) Unknown command.
Unknown command.
Unknown command.
Unknown command.
Drink which item? (? for menu, Esc to quit)
It was a potion of might.
You feel very mighty all of a sudden.
You are feeling hungry.
The hobgoblin hits you with a club.
* * * LOW HITPOINT WARNING * * *
The goblin hits you but does no damage.
Damage: 2 (max 8) Unknown command.
Unknown command.
You barely miss the hobgoblin.
Robin's horned helmet rattles.
The goblin hits you with a dagger.
You die...

#g* *,,,,,,,,,,* #.* *,,,,,,,,,,*
#.######## *,,,,,,,,,,*
#(g......# *,,,,,,,,,,*
********########)# *,,,,,,,,,,***
,,,,,,,,,,,,,,*#)# *,,,,<,,,,,+,,
************#.##g# *,,,,,,,,,,***
#.##g# ************** #.##@#
*,,,,,,,,,,,,, ###### #.##g#
*,,,,,,,,,,,,, ....># #.##.#
*,,,,,,,,,,,,, .....# #.##.#
*,,,,,,*,,,,,, .....#
#.##.###,,,,**,**,,,,
.....########.##.#.#,,,,*,,,*,,,,
.....'...........#.#,,,*,,*,,*,,,
.....########.#..'.#,,,,*,,,*,,,,
.....# #...##.#,,,,**,**,,,,


You could see Robin, a hobgoblin and a goblin.

Vanquished Creatures
  An adder (D:2)
  An ooze (D:2)
  2 dart slugs
  A giant gecko (D:1)
  3 giant cockroaches
  7 goblins
  8 hobgoblins
  A quokka (D:2)
  A bat (D:2)
  2 giant newts
  3 kobolds
  6 rats
36 creatures vanquished.

Notes
Turn   | Place    | Note
--------------------------------------------------------------
     0 | D:1      | Gorice the Demonspawn Gladiator began the quest for the Orb.
     0 | D:1      | Reached XP level 1. HP: 16/16 MP: 1/1
   164 | D:1      | Reached skill level 3 in Long Blades
   164 | D:1      | Gained mutation: When hurt, damage is shared between your health and your magic reserves. [demonic ancestry]
   164 | D:1      | Reached XP level 2. HP: 14/23 MP: 2/2
   306 | D:1      | Reached skill level 2 in Throwing
   747 | D:2      | Gained mutation: You regenerate magic rapidly. [demonic ancestry]
   747 | D:2      | Reached XP level 3. HP: 28/28 MP: 3/3
  1216 | D:2      | Found an oddly glowing altar of Pakellas.
  1283 | D:2      | Noticed Robin
  1318 | D:2      | HP: 6/28 [goblin/dagger[Robin] (4)]
  1320 | D:2      | HP: 1/28 [hobgoblin/club[Robin] (2)]
  1321 | D:2      | Slain by a goblin

Vault maps used:
D:1:      evilmike_arrival_fibonacci_small
D:2:      grunt_pakellas_basics, kennysheep_generic_room_2, uniq_robin

Skill      XL: |  1  2 |
---------------+-------+-----
Long Blades    | 3 |  3.3
Throwing       | 2 |  2.4
Fighting       | |  2.8
Dodging        | |  2.6

Action                   || total
-------------------------++-------
Melee: Long sword        ||   120
Throw: Stone             ||     7
  Use: Scroll            ||     4
       Potion            ||     1
 Stab: Sleeping          ||     1
  Eat: Chunk             ||     1

Table legend:
 A = Turns spent in this place as a percentage of turns spent in the entire game.
 B = Non-inter-level travel turns spent in this place as a percentage of non-inter-level travel turns spent in the entire game.
 C = Inter-level travel turns spent in this place as a percentage of turns spent in this place.
 D = Turns resting spent in this place as a percentage of non-inter-level travel turns spent in this place.
 E = Turns spent auto-exploring this place as a percentage of non-inter-level travel turns spent in this place.
 F = Non-inter-level travel turns spent in this place divided by the number of levels of this place that you've seen.
                   A       B       C       D       E      F
               +-------+-------+-------+-------+-------+----------------------
         Total | 100.0 | 100.0 |   0.2 |   0.0 |   8.6 | 226.5
       Dungeon | 100.0 | 100.0 |   0.2 |   0.0 |   8.6 | 226.5
               +-------+-------+-------+-------+-------+----------------------

Vault maps used:
D:1:      evilmike_arrival_fibonacci_small
D:2:      grunt_pakellas_basics, kennysheep_generic_room_2, uniq_robin
